 Dungeon Crawl Stone Soup version 0.31-a0-1499-ge0622b2318 (webtiles) character file.

Game seed: 4548839124134191513

956 GloriousHammer the Covert (level 8, -1/37 (41) HPs)
             Began as a Kobold Enchanter on Dec 30, 2023.
             Slain by a wight
             ... wielding a +3 long sword
              (11 damage)
             ... on level 5 of the Dungeon.
             The game lasted 00:14:05 (5087 turns).

GloriousHammer the Covert (Kobold Enchanter)        Turns: 5087, Time: 00:14:06

HP:   -1/37 (41)    AC:  3    Str:  6    XL:     8   Next: 36%
MP:   11/14         EV: 14    Int: 16    God:
Gold: 290           SH:  0    Dex: 17    Spells: 5/16 levels left

rFire   . . .        c - +1 short sword (venom)
rCold   . . .        (no shield)
rNeg    . . .        d - +0 leather armour
rPois   .            (no helmet)
rElec   .            (no cloak)
rCorr   .            (no gloves)
SInv    .            (no boots)
Will    .....        (no amulet)
Stlth   +++++        Z - ring of wizardry
HPRegen 0.26/turn    (no ring)
MPRegen 0.14/turn

%: clarity, wizardry (x1)
@: confusing by touch, drained
A: small, no large weapons, nightstalker 3, clarity
a: no special abilities


You were on level 5 of the Dungeon.
You visited 1 branch of the dungeon, and saw 5 of its levels.
You also visited: Sewer.

You collected 290 gold pieces.

Inventory:

Hand Weapons
 a - a +1 dagger
 c - a +1 short sword of venom (weapon)
 j - a +0 long sword
Missiles
 h - 19 poisoned darts
Armour
 b - a +0 robe
 d - a +0 leather armour (worn)
Jewellery
 Z - a ring of wizardry (left hand)
Scrolls
 e - a scroll of amnesia
 f - a scroll of torment
 k - a scroll of revelation
 m - a scroll of blinking
 I - 3 scrolls of enchant armour
Potions
 i - 2 potions of heal wounds {unknown}
 l - a potion of berserk rage {unknown}


   Skills:
 + Level 5.2 Short Blades
 - Level 2.4 Dodging
 * Level 8.9 Stealth
 + Level 4.5 Spellcasting
 + Level 1.8 Conjurations
 + Level 4.9 Hexes


You had 5 spell levels left.
You knew the following spells:

 Your Spells              Type           Power      Damage    Failure   Level
a - Confusing Touch       Hex            19%        N/A       4%          3
b - Tukima's Dance        Hex            19%        N/A       4%          3
c - Ensorcelled Hibernat  Hex/Ice        22%        N/A       6%          2
d - Dazzling Flash        Conj/Hex       28%        N/A       8%          3

Your spell library contained the following spells:

 Spells                   Type           Power      Damage    Failure   Level
 Necrotise                Necr           12%        1d4       11%         1
 Fugue of the Fallen      Necr           3%         N/A       28%         3
 Ozocubu's Armour         Ice            3%         N/A       28%         3
 Vampiric Draining        Necr           3%         2d6       28%         3
 Volatile Blastmotes      Fire/Tloc      6%         2d10      28%         3
 Fulminant Prism          Conj/Alch      3%         3d5       52%         4
 Iskenderun's Mystic Bla  Conj/Tloc      6%         2d4       52%         4
 Manifold Assault         Tloc           3%         N/A       65%         4
 Martyr's Knell           Necr/Summ      3%         N/A       65%         4
 Curse of Agony           Necr           3%         N/A       93%         5


Dungeon Overview and Level Annotations

Branches:
Dungeon (5/15)              Sewer (visited)
 Temple: D:4-7

Altars:
Ru

Annotations:
D:4 1 runed translucent door, Crazy Yiuf


Innate Abilities, Weirdness & Mutations

You are small and have problems with some larger weapons.
You are completely attuned to the shadows.
You possess an exceptional clarity of mind.


Message History

You impale the black bear!!
You kill the black bear!
Your Conjurations skill increases to level 1!
HP restored.
Found a stone staircase leading down.
Found a ring mail.
Found a stone staircase leading down.
You see here a +0 ring mail.
There is a stone staircase leading down here.
Found a club.
i - 2 black potions You see here a +0 club.
Found a stone staircase leading down.
There is a stone staircase leading down here.
Edmund the Younger comes into view.
He is wielding a +1 flail of holy wrath.
The helpless Edmund fails to defend himself.
You perforate Edmund like a sieve!!!
Edmund looks as sick as possible!
Edmund is almost dead.
Edmund closely misses you.
You hit Edmund.
You kill Edmund!
You have reached level 8!
Things that are here:
a +1 flail of holy wrath; a +0 ring mail
Found an escape hatch in the floor.
Found a leather armour.
You see here a +0 leather armour.
An ogre comes into view. It is wielding a +0 giant club.
An ogre is nearby!
The helpless ogre fails to defend itself.
You skewer the ogre like a kebab!!!
You kill the ogre!
Your Short Blades skill increases to level 5!
A white imp comes into view.
Found a club.
The helpless white imp fails to defend itself.
You skewer the white imp like a kebab!!!
You kill the white imp!
An iguana comes into view.
An iguana is nearby!
The helpless iguana fails to defend itself.
You impale the iguana!!
You kill the iguana!
You see here an iguana corpse.
Found a helmet.
You see here a +0 helmet.
Found a stone staircase leading up.
A quokka comes into view.
The helpless quokka fails to defend itself.
You impale the quokka!!
You kill the quokka!
You see here a quokka corpse.
An iguana comes into view.
An iguana is nearby!
An iguana is nearby!
The helpless iguana fails to defend itself.
You impale the iguana!!
You kill the iguana!
A wight comes into view. It is wielding a +4 trident.
A wight is nearby! 2 wights come into view.
Found a sacrificial altar of Ru.
A wight comes into view. It is wielding a +0 short sword.
The wight attacks as it pursues you! The wight barely misses you.
You hit the wight.
The wight is lightly damaged.
Aiming: Corrosive Bolt
Press: ? - help, Shift-Dir - straight line, f - wight
Aim: a wight, wielding a +0 short sword and wearing a +0 robe (71% to hit)
The bolt of acid misses the wight.
The bolt of acid hits the wight!
The wight is heavily damaged.
The now-empty wand crumbles to dust.
The wight hits you with a +3 long sword!
You feel drained.
You hit the wight.
The wight is moderately damaged.
The wight hits you with a +3 long sword.
You barely miss the wight.
The wight is moderately damaged.
The wight hits you with a +3 long sword!
You feel drained.
Unknown command.
Blink to where?
Press: ? - help, Dir - move target
As you read the scroll of blinking, it crumbles to dust.
You start resting.
A wight is nearby!
You hit the wight but do no damage.
The wight is moderately damaged.
The wight hits you with a +3 long sword.
You feel drained.
Casting: Confusing Touch (dangerous; 4% risk of failure)
Confirm with . or Enter, or press ? or * to list all spells.
Your hands begin to glow red.
The wight hits you with a +3 long sword!
* * * LOW HITPOINT WARNING * * *
You closely miss the wight.
The wight is moderately damaged.
The wight hits you with a +3 long sword!
You die...

#...........#.##.####
#.#####.##...........
#...........#.##.####
#.#####.##.##.##.# #
#.### #.##.#†.##.# #
#####.#.###....<.....#
#
#.z.zz.#.#####.#.###.#
# #.###.###z#
#.......# #
####z######@##
##.####.# # .........
### #.# #.# #
####.#### #.# #.# #
#.......# #.# #.# #
#.##.##.# #.# #.# # #
..z # #.# # .z_..
.####.# # .#...#.
......#### ..........


You could see a wight.

Vanquished Creatures
  Edmund (D:5)
  An ice beast (D:4)
  A black bear (D:5)
  Pargi (Sewer)
  An ogre (D:5)
  A phantom (D:4)
  2 jellies (Sewer)
  An orc priest (D:5)
  A hound (D:4)
  3 iguanas
  5 adders
  3 ribbon worms (D:3)
  A white imp (D:5)
  4 dart slugs
  8 orcs
  9 ball pythons
  7 endoplasms
  6 giant cockroaches
  7 hobgoblins
  3 jackals (D:2)
  4 quokkas
  8 bats
  7 frilled lizards
  17 goblins
  12 kobolds
  9 rats
123 creatures vanquished.

Vanquished Creatures (collateral kills)
  An orc (D:4)
1 creature vanquished.

Grand Total: 124 creatures vanquished

Notes
Turn   | Place    | Note
-------+----------+-------------------------------------------
     0 | D:1      | GloriousHammer the Kobold Enchanter began the quest for the
                  | Orb.
     0 | D:1      | Reached XP level 1. HP: 10/10 MP: 3/3
    98 | D:1      | Reached XP level 2. HP: 6/15 MP: 5/5
   705 | D:1      | Reached XP level 3. HP: 19/19 MP: 6/6
  1475 | D:2      | Reached skill level 5 in Stealth
  1600 | D:2      | Reached XP level 4. HP: 24/24 MP: 8/8
  2349 | D:3      | Reached XP level 5. HP: 20/28 MP: 9/9
  2370 | D:3      | Gained mutation: You possess an exceptional clarity of
                  | mind. [potion of mutation]
  2496 | D:3      | Found a glowing drain.
  2500 | Sewer    | Entered a sewer
  2505 | Sewer    | Reached skill level 6 in Stealth
  2587 | Sewer    | Reached XP level 6. HP: 32/32 MP: 10/10
  2600 | Sewer    | Noticed Pargi
  2612 | Sewer    | Killed Pargi
  3210 | D:4      | Reached skill level 7 in Stealth
  3254 | D:4      | Reached XP level 7. HP: 26/36 MP: 12/12
  3486 | D:4      | Found a runed translucent door.
  3489 | D:4      | Noticed Crazy Yiuf
  3663 | D:4      | Learned a level 3 spell: Confusing Touch
  3667 | D:4      | Learned a level 3 spell: Tukima's Dance
  3670 | D:4      | Learned a level 2 spell: Ensorcelled Hibernation
  3674 | D:4      | Learned a level 3 spell: Dazzling Flash
  4045 | D:5      | Entered Level 5 of the Dungeon
  4574 | D:5      | Reached skill level 8 in Stealth
  4614 | D:5      | Reached skill level 1 in Conjurations
  4798 | D:5      | Noticed Edmund
  4803 | D:5      | Killed Edmund
  4804 | D:5      | Reached XP level 8. HP: 41/41 MP: 14/14
  4841 | D:5      | Reached skill level 5 in Short Blades
  5036 | D:5      | Found a sacrificial altar of Ru.
  5087 | D:5      | Slain by a wight

Illustrated notes

Levels and vault maps discovered:
D:1:      dpeg_arrival_tiny_a, layout_basic, st_stairs_9,
          wander_ebering_terrifying_dragon_lair
D:2:      layout_loops_ring
D:3:      layout_loops_ring, lightli_sewer_entry_pipes
D:4:      layout_rooms, minmay_ruptured, uniq_crazy_yiuf_cottage
D:5:      layout_loops_ring, nicolae_ru_sacrificial_ziggurat,
          hangedman_abyss_or_decor_passed, hangedman_decor_slide_cut,
          uniq_pikel, uniq_edmund

Skill      XL: |  1  2  3  4  5  6  7  8 |
---------------+-------------------------+-----
Short Blades   | 2 3 4 5 |  5.2
Stealth        | 5 6 7 8 |  8.9
Spellcasting   | 3 4 |  4.5
Hexes          | 4 |  4.9
Conjurations   | 1 |  1.8
Dodging        | |  2.4

Action                     |  1- 3 |  4- 6 |  7- 9 || total
---------------------------+-------+-------+-------++-------
  Melee: Dagger            |   142 |   114 |       ||   256
         Punch             |       |     4 |     2 ||     6
         Short sword       |       |    50 |   118 ||   168
   Cast: Tukima's Dance    |       |       |     2 ||     2
         Confusing Touch   |       |       |     2 ||     2
  Evoke: Wand              |       |     4 |     1 ||     5
    Use: Potion            |     1 |     3 |       ||     4
         Scroll            |       |     4 |     4 ||     8
   Stab: Sleeping          |    14 |    23 |    10 ||    47
         Invisible         |     1 |     4 |       ||     5
         Distracted        |     1 |       |       ||     1
         Confused          |       |       |     1 ||     1
 Armour: Leather armour    |    63 |    73 |    55 ||   191
  Dodge: Dodged            |   110 |    99 |    69 ||   278

Table legend: (Time is in decaauts)
 A = Elapsed time spent in this place.
 B = Non-inter-level travel time spent in this place.
 C = Inter-level travel time spent in this place.
 D = Time resting spent in this place.
 E = Time spent auto-exploring this place.
 F = Levels seen in this place.
 G = Mean time per level.
                   A        B        C        D        E       F      G
               +--------+--------+--------+--------+--------+-----+--------+
         Total |   5069 |   4945 |    124 |    684 |   2903 |   6 |  844.8 |
       Dungeon |   4845 |   4721 |    124 |    607 |   2846 |   5 |  969.0 |
         Sewer |    223 |    223 |      0 |     77 |     57 |   1 |  223.0 |
               +--------+--------+--------+--------+--------+-----+--------+

Top non-repeatable levels by time:
     D:3: 1220 daAuts
     D:4: 1125 daAuts
     D:1: 994 daAuts
     D:2: 976 daAuts
     D:5: 528 daAuts
   Sewer: 223 daAuts
